 Dungeon Crawl Stone Soup version 0.28-a0-537-g3bccd9ccbf (webtiles) character file.

Game seed: 540017037278613980

104 sanka the Unweaver (level 4, 0/37 HPs)
             Began as a Palentonga Abyssal Knight on Sept 27, 2021.
             Was a Follower of Lugonu.
             Slain by an iguana (1 damage)
             ... on level 3 of the Dungeon.
             The game lasted 00:06:29 (3955 turns).

sanka the Unweaver (Palentonga Abyssal Knight)      Turns: 3955, Time: 00:06:30

Health: 0/37       AC:  5    Str: 17    XL:     4   Next: 52%
Magic:  0/7        EV:  9    Int: 11    God:    Lugonu [*.....]
Gold:   67         SH:  0    Dex: 10    Spells: 3/3 levels left

rFire   . . .      SeeInvis +   a - +0 war axe (freeze)
rCold   . . .      Faith    .   (no shield)
rNeg    . . .      Spirit   +   b - +0 leather armour
rPois   .          Reflect  .   e - +0 helmet
rElec   .          Harm     .   c - scarf {repulsion}
rCorr   .          Rampage  .   (no gloves)
Will    .....                   (no barding)
Stlth   +.........              i - amulet of guardian spirit
HPRegen 0.12/turn               (no ring)
MPRegen 0.10/turn               (no ring)

@: repel missiles
A: large, rugged brown scales 3, see invisible, deformed body, roll 1, armoured
tail
a: Rolling Charge, Renounce Religion, Depart the Abyss


You were on level 3 of the Dungeon.
You worshipped Lugonu.
Lugonu was aware of your devotion.
You visited 1 branch of the dungeon, and saw 4 of its levels.
You visited the Abyss 1 time.

You collected 161 gold pieces.
You spent 94 gold pieces at shops.


Innate Abilities, Weirdness & Mutations

You are completely covered in rugged brown scales. (AC +3, +7% HP)
You have supernaturally acute eyesight. (SInv)
Armour fits poorly on your strangely shaped body.
You can roll at nearby foes to attack.
You have a long armoured tail.


   Skills:
 - Level 3.0 Fighting
 - Level 2.0 Axes
 - Level 1.5 Armour
 - Level 0.7 Dodging
 + Level 5.2 Invocations


You had 3 spell levels left.
You didn't know any spells.
Your spell library contained the following spells:

 Spells                   Type           Power      Damage    Failure   Level
 Freeze                   Ice            0%         1d3       38%         1
 Blink                    Tloc           N/A        N/A       54%         2
 Static Discharge         Conj/Air       0%         N/A       54%         2
 Dispel Undead            Necr           0%         3d6       99%         4
 Sticky Flame             Conj/Fire      0%         2d3       99%         4
 Manifold Assault         Tloc           0%         N/A       100%        5
 Storm Form               Tmut/Air       0%         N/A       100%        7

Inventory:

Hand Weapons
 a - a +0 war axe of freezing (weapon)
Missiles
 d - 2 curare-tipped darts {=f}
Armour
 b - a +0 leather armour (worn)
 c - a scarf of repulsion (worn)
 e - a +0 helmet (worn)
Jewellery
 i - an amulet of guardian spirit (around neck)
Scrolls
 g - a scroll of magic mapping
 k - 2 scrolls of enchant weapon
 m - a scroll of summoning {unknown}
 n - a scroll of immolation {!r}
 q - a scroll of vulnerability {unknown}
Potions
 f - a potion of heal wounds {unknown}
 h - 2 potions of cancellation {unknown}
 j - a potion of might {unknown}
 l - a potion of attraction {unknown}
 o - 3 potions of curing {unknown}
 p - a potion of haste {unknown}
 r - a potion of lignification {unknown}

Dungeon Overview and Level Annotations

Branches:
Dungeon (4/15)
 Temple: D:4-7

Altars:
Fedhas
Hepliaklqana
Okawaru
Trog

Shops:
D:1

?** ▒▒▒▒▒▒▒▒▒▒▒ ▒▒▒▒
▒▒▒▒.........▒
▒▒▒▒▒▒▒..▒▒▒...)▒▒▒▒▒▒▒.▒
................▒ ▒.▒
▒▒▒▒▒▒▒..▒▒▒....▒▒▒ ▒.▒
▒.........H>▒ ▒.▒
▒▒▒▒▒▒▒.........>l▒
▒.▒▒▒▒▒
........▒.........▒
▒.....▒
▒▒▒▒▒▒▒▒▒▒▒▒...▒▒▒▒
▒▒▒▒▒.▒ ▒...▒ ▒.▒ ▒...▒
▒.▒ ▒▒.▒▒ ▒.▒ ▒..▒ ▒.▒
▒▒▒▒▒▒▒▒▒▒▒.▒▒▒▒▒ ▒.▒


You could see an iguana (slow).


Message History

A steam dragon comes into view.
The steam dragon hisses angrily.
A ball python comes into view.
You aren't carrying any items that you can evoke.
Okay, then.
An iguana comes into view.
The iguana hisses angrily.
The iguana hisses menacingly.
The steam dragon breathes steam at you. The ball of steam hits you!
There is a stone staircase leading up here.
The iguana closely misses you.
You climb upwards.
There is a stone staircase leading down here.
You barely miss the iguana. The iguana bites you! The iguana bites you!
* * * LOW HITPOINT WARNING * * *
You closely miss the iguana.
The iguana bites you but does no damage.
You closely miss the iguana. The iguana bites you.
You slash the iguana!
The iguana seems to slow down.
You freeze the iguana.
The iguana is severely wounded.
The iguana bites you!
* * * LOW HITPOINT WARNING * * *
The iguana bites you.
You die...

Action                   |  1- 3 |  4- 6 || total
-------------------------+-------+-------++-------
Melee: Hand axe          |   103 |       ||   103
       Tailslap          |     9 |     4 ||    13
       War axe           |     6 |    49 ||    55
Invok: Depart the Abyss  |     1 |       ||     1
 Abil: Rolling Charge    |     3 |       ||     3
  Use: Scroll            |     3 |     2 ||     5
Armor: Leather armour    |    45 |    29 ||    74
Dodge: Dodged            |    51 |    23 ||    74

Levels and vault maps discovered:
D:1:      sevenhm_arrival_forest_fort_small_5, layout_basic, serial_shops,
          nicolae_shop_statue_plus, shop, nicolae_shop_stone,
          lemuel_another_geyser
D:2:      layout_basic, shapermc_ecumenical_altar_rom_forum
D:3:      layout_loops_ring, mainiacjoe_overflow_catwalk, fedhas_altar_3,
          kennysheep_generic_room_10
D:4:      layout_cave_pools, mainiacjoe_overflow_small_starburst,
          okawaru_metal_pillars_1_2, minmay_manual_monstrance

Notes
Turn   | Place    | Note
-------+----------+-------------------------------------------
     0 | Abyss:1  | sanka the Palentonga Abyssal Knight began the quest for the
                  | Orb.
     0 | Abyss:1  | Reached XP level 1. HP: 19/19 MP: 2/2
    51 | Abyss:1  | Found an iron altar of Okawaru.
    51 | Abyss:1  | Noticed an ancient zyme
    53 | D:1      | Escaped the Abyss
   293 | D:1      | Found Walotyf's General Store.
   638 | D:1      | Reached XP level 2. HP: 25/25 MP: 4/4
   672 | D:1      | Reached skill level 3 in Invocations
   862 | D:1      | Found Dahuor's Assorted Antiques.
   876 | D:1      | Reached * piety under Lugonu
   971 | D:1      | Bought 2 curare-tipped darts for 13 gold pieces
  1155 | D:1      | Found Efefas's Magic Scroll Shoppe.
  1603 | D:1      | Reached XP level 3. HP: 31/31 MP: 5/5
  1896 | D:2      | Reached skill level 4 in Invocations
  2438 | D:2      | Found a faded altar of an unknown god.
  2446 | D:2      | Got Plato's Grimoire of Snow
  2682 | D:1      | Bought a war axe for 59 gold pieces
  2736 | D:1      | Bought a scroll of identify for 22 gold pieces
  2861 | D:3      | Found a blossoming altar of Fedhas.
  2896 | D:3      | Reached XP level 4. HP: 31/37 MP: 7/7
  3016 | D:3      | Found a bloodstained altar of Trog.
  3669 | D:4      | Reached skill level 5 in Invocations
  3807 | D:4      | Found an iron altar of Okawaru.
  3832 | D:4      | Found a hazy altar of Hepliaklqana.
  3919 | D:4      | Noticed a steam dragon
  3954 | D:3      | HP: 1/37 [iguana (9)]
  3955 | D:3      | Slain by an iguana

Vanquished Creatures
  A howler monkey skeleton (D:2)
  2 adders
  4 worms
  2 dart slugs
  7 ball pythons
  4 bats
  5 endoplasms
  4 giant cockroaches
  5 hobgoblins
  3 jackals (D:1)
  2 quokkas
  7 goblins
  7 kobolds
  3 rats
56 creatures vanquished.

Vanquished Creatures (others)
  2 plants (D:2)
2 creatures vanquished.

Grand Total: 58 creatures vanquished
